 Dungeon Crawl Stone Soup version 0.28.0-53-g5a82cb258f (webtiles) character file.

Game seed: 11873280937462856349

9 Descartes the Sneak (level 2, -6/13 HPs)
             Began as a Felid Wanderer on July 24, 2022.
             Mangled by a gnoll
             ... wielding a +2 vorpal flail
              (10 damage)
             ... on level 1 of the Dungeon.
             The game lasted 00:00:33 (95 turns).

Descartes the Sneak (Felid Wanderer)                  Turns: 95, Time: 00:00:33

Health: -6/13      AC:  1    Str:  4    XL:     2   Next: 3%
Magic:  3/3        EV: 18    Int: 12    God:
Gold:   18         SH:  0    Dex: 20    Spells: 1/1 levels left
                                        Lives:  0   Deaths: 0

rFire   . . .      SeeInvis +     - Unarmed
rCold   . . .      Faith    .   (shield unavailable)
rNeg    . . .      Spirit   .   (armour unavailable)
rPois   .          Reflect  .   (helmet unavailable)
rElec   .          Harm     .   (cloak unavailable)
rCorr   .          Rampage  .   (gloves unavailable)
Will    .....                   (boots unavailable)
Stlth   +++.......              (no amulet)
HPRegen 0.04/turn               (no ring)
MPRegen 0.08/turn               (no ring)

@: quick
A: very small, claws 1, fangs 3, see invisible, speed 1, shaggy fur 1, stealthy
paws, no weapons or thrown items, no armour, multi-lived
a: no special abilities


You were on level 1 of the Dungeon.
You visited 1 branch of the dungeon, and saw 1 of its levels.

You collected 18 gold pieces.

Inventory:

Potions
 a - a potion of curing


   Skills:
 - Level 2.0 Fighting
 + Level 3.1 Dodging
 + Level 3.1 Stealth
 + Level 2.2 Unarmed Combat
 - Level 2.1 Evocations


You had one spell level left.
You didn't know any spells.
Your spell library was empty.

Dungeon Overview and Level Annotations

Branches:
Dungeon (1/15)

Altars:


Innate Abilities, Weirdness & Mutations

You have sharp claws.
You have razor-sharp teeth.
You have supernaturally acute eyesight. (SInv)
You cover ground quickly. (Speed+)
You are covered in fur. (AC +1)
Your paws help you pounce on unaware monsters.
You are incapable of wielding weapons or throwing items.
You cannot wear armour.
You gain extra lives every three experience levels.


Message History

You scratch the kobold.
You kill the kobold!
Things that are here:
a +0 short sword; 4 stones; a kobold corpse The dart slug launches a dart at you.
The slug dart hits you.
* * * LOW HITPOINT WARNING * * *
There is an empty arch of ancient stone here.
You scratch the dart slug.
The dart slug is moderately wounded.
The dart slug launches a dart at you. The slug dart misses you.
You scratch the dart slug but do no damage.
You bite the dart slug.
The dart slug is severely wounded.
You scratch the dart slug but do no damage.
The dart slug is severely wounded.
The dart slug barely misses you.
You scratch the dart slug.
The dart slug is almost dead.
The dart slug barely misses you.
You scratch the dart slug.
You kill the dart slug!
You have reached level 2!
You start resting.
A bat is nearby!
Things that are here:
a +0 short sword; 4 stones; a kobold corpse You start resting.
A gnoll is nearby!
You are too injured to fight recklessly!
You are too injured to fight recklessly!
The gnoll shouts!
The gnoll misses you.
You scratch the gnoll. Your bite misses the gnoll.
The gnoll is heavily wounded.
The bat barely misses you.
The gnoll hits you with a +2 vorpal flail!
Ouch! That really hurt!
You die...

##....#####.#
##...........#
#....#.######
#.##..#.# #.
#.##.# #
##∩#####
##..)...#∩#.
#.gb...........
#..@...........
#.♣............
#..............
#.....♣.....⌠..
♣..............
♣..............
#...........
#≈..........
###.<......♣


You could see a gnoll and a bat.

Vanquished Creatures
  A dart slug (D:1)
  An endoplasm (D:1)
  2 jackals (D:1)
  A ball python (D:1)
  A kobold (D:1)
  A rat (D:1)
7 creatures vanquished.

Notes
Turn   | Place    | Note
-------+----------+-------------------------------------------
     0 | D:1      | Descartes the Felid Wanderer began the quest for the Orb.
     0 | D:1      | Descartes set off with the following items: a potion of
                  | curing
     0 | D:1      | Reached XP level 1. HP: 9/9 MP: 2/2
    75 | D:1      | Reached XP level 2. HP: 4/13 MP: 3/3
    95 | D:1      | Mangled by a gnoll

Illustrated notes

Levels and vault maps discovered:
D:1:      nzn_arrival_settlement, layout_loops_ring, basic_ecumenical_altar,
          minmay_tetromino_i4

Skill      XL: |  1 |
---------------+----+-----
Dodging        | 3 |  3.1
Stealth        | 3 |  3.1
Fighting       | |  2.0
Unarmed Combat | |  2.2
Evocations     | |  2.1

Action                   || total
-------------------------++-------
Melee: Unarmed           ||    18
       Bite              ||     2
 Stab: Sleeping          ||     2
Dodge: Dodged            ||    21
